 Dungeon Crawl Stone Soup version 0.30-a0-393-g54b8e3be05 (webtiles) character file.

Game seed: 961492684409560059

9921 Bnni the Spear-Bearer (level 11, -13/92 HPs)
             Began as a Formicid Fighter on Dec 5, 2022.
             Was a Follower of Yredelemnul.
             Mangled by Sonja
             ... wielding a +2 dagger of distortion
              (16 damage)
             ... on level 11 of the Dungeon.
             The game lasted 00:23:13 (12195 turns).

Bnni the Spear-Bearer (Formicid Fighter)           Turns: 12195, Time: 00:23:14

Health: -13/92     AC: 15    Str: 24    XL:     11   Next: 83%
Magic:  17/17      EV:  7    Int:  9    God:    Yredelemnul [*.....]
Gold:   663        SH:  5    Dex: 13    Spells: 10/10 levels left

rFire   + + .      SeeInvis +    L - +5 halberd
rCold   + . .      Faith    .    c - +0 buckler
rNeg    . . .      Spirit   .    Q - +1 chain mail of the Nexus {rElec rF+ rC+}
rPois   .          Reflect  .    (helmet unavailable)
rElec   +          Harm     .    b - +0 cloak
rCorr   .          Rampage  .    q - +0 pair of gloves
Will    +....                    w - +2 pair of boots
Stlth   ..........               (no amulet)
HPRegen 0.35/turn                i - ring of protection from fire
MPRegen 0.15/turn                (no ring)

@: no status effects
A: permanent stasis, dig shafts and tunnels, antennae 3, four strong arms
a: Dig, Shaft Self, Renounce Religion, Recall Undead Harvest


You were on level 11 of the Dungeon.
You worshipped Yredelemnul.
Yredelemnul was aware of your devotion.
You visited 2 branches of the dungeon, and saw 12 of its levels.
You also visited: Sewer and Bailey.

You collected 663 gold pieces.

Inventory:

Hand Weapons
 a - a +0 trident
 B - a +1 scimitar of flaming
 G - a +1 vampiric halberd
 L - a +5 halberd (weapon)
Missiles
 f - 76 poisoned darts
 x - 8 boomerangs
 H - a curare-tipped dart
 P - a throwing net
Armour
 b - a +0 cloak (worn)
 c - a +0 buckler (worn)
 q - a +0 pair of gloves (worn)
 w - a +2 pair of boots (worn)
 M - a +2 ring mail of cold resistance
 Q - the +1 chain mail of the Nexus (worn) {rElec rF+ rC+}
   (You found it in a bailey)

   rF:        It protects you from fire.
   rC:        It protects you from cold.
   rElec:     It insulates you from electricity.
Jewellery
 i - a ring of protection from fire (left hand)
 O - a ring of ice
Wands
 y - a wand of roots (16)
 D - a wand of flame (4)
 K - a wand of digging (9)
 N - a wand of polymorph (9)
Scrolls
 e - a scroll of fear
 j - 2 scrolls of poison
 k - 2 scrolls of magic mapping
 n - 2 scrolls of summoning
 r - a scroll of immolation
 t - a scroll of silence
 v - 2 scrolls of vulnerability
 E - 2 scrolls of butterflies
 I - a scroll of enchant weapon
 J - 4 scrolls of enchant armour
Potions
 d - 3 potions of might
 g - 3 potions of resistance
 h - a potion of invisibility
 l - 9 potions of curing
 m - 6 potions of haste {unknown}
 o - 7 potions of heal wounds
 p - 4 potions of lignification
 s - 4 potions of brilliance {unknown}
 u - a potion of magic {unknown}
 z - 2 potions of mutation
 A - 3 potions of cancellation {unknown}
 C - 2 potions of ambrosia {unknown}
 F - a potion of attraction {unknown}
 R - a potion of degeneration {unknown}


   Skills:
 + Level 10.7 Fighting
 * Level 13.2 Polearms
 - Level 3.2 Armour
 - Level 5.0 Shields
 + Level 8.9 Invocations


You had 10 spell levels left.
You didn't know any spells.
Your spell library contained the following spells:

 Spells                   Type           Power      Damage    Failure   Level
 Freeze                   Ice            0%         1d3       98%         1
 Summon Small Mammal      Summ           0%         N/A       98%         1
 Ensorcelled Hibernation  Hex/Ice        0%         N/A       99%         2
 Passwall                 Tmut/Erth      0%         N/A       99%         2
 Static Discharge         Conj/Air       0%         2-2/arc   99%         2
 Call Canine Familiar     Summ           0%         N/A       100%        3
 Frozen Ramparts          Ice            0%         1d1       100%        3
 Gell's Gravitas          Tloc           0%         N/A       100%        3
 Hailstorm                Conj/Ice       0%         3d3       100%        3
 Lesser Beckoning         Tloc           0%         N/A       100%        3
 Summon Guardian Golem    Hex/Summ       0%         N/A       100%        3
 Teleport Other           Tloc           0%         N/A       100%        3
 Vhi's Electric Charge    Tloc/Air       0%         N/A       100%        3
 Ice Form                 Ice/Tmut       0%         N/A       100%        4
 Summon Ice Beast         Ice/Summ       0%         N/A       100%        4
 Arcjolt                  Conj/Air       0%         1d10      100%        5
 Lightning Bolt           Conj/Air       0%         1d11      100%        5
 Swiftness                Air            Unusable   N/A       N/A         3

Dungeon Overview and Level Annotations

Branches:
Dungeon (11/15)            Temple (1/1) D:6            Lair (0/5) D:11
  Sewer (visited)          Bailey (visited)
    Orc: D:9-12

Altars:
Ashenzari
Cheibriados
Dithmenos
Elyvilon
Fedhas
Gozag
Hepliaklqana
Kikubaaqudgha
Nemelex Xobeh
Okawaru
Qazlal
Ru
Sif Muna
Trog
Uskayaw
Vehumet
Xom
Yredelemnul
Zin
The Shining One

Shops:
D:2 =[:[!   D:4 (*

Annotations:
D:11 Sonja


Innate Abilities, Weirdness & Mutations

You cannot be hasted, slowed, berserked, paralysed or teleported.
You can dig through walls and to a lower floor.
You have a pair of large antennae on your head. (SInv)
Your four strong arms can wield two-handed weapons with a shield.


Message History

Sonja throws a curare-tipped dart.
The curare-tipped dart hits you.
You are poisoned.
You have difficulty breathing.
Your stasis prevents you from being slowed.
You reach to attack!
You impale the two-headed ogre!!
The two-headed ogre is severely wounded.
You feel sick.
Sonja throws a curare-tipped dart.
The curare-tipped dart hits you.
You are more poisoned.
You have difficulty breathing.
Your stasis prevents you from being slowed.
You slash the two-headed ogre!
You kill the two-headed ogre!
The dead are walking!
You feel very sick.
Unknown command.
You reach to attack!
You closely miss Sonja.
You feel very sick.
You completely miss Sonja.
You feel very sick.
Sonja shouts, "Too slow!"
Sonja hits you with a +2 dagger of distortion!
Space warps horribly around you! You block Sonja's attack.
Sonja hits you but does no damage. Space warps horribly around you!
Your two-headed ogre zombie closely misses Sonja.
Your two-headed ogre zombie barely misses Sonja.
Sonja hits you with a +2 dagger of distortion.
Space warps horribly around you!!
* * * LOW HITPOINT WARNING * * *
Sonja hits you with a +2 dagger of distortion.
* * * LOW HITPOINT WARNING * * *
Space warps horribly around you!
* * * LOW HITPOINT WARNING * * *
Sonja hits you but does no damage.
You feel better.
Sonja hits you with a +2 dagger of distortion.
* * * LOW HITPOINT WARNING * * *
Space warps horribly around you!
You die...
Your body rises from the dead as a mindless zombie.

*,,,,,,,*,,,,**,,,*
*,,,,,,,*,,,,***+**
*,,,,<,,*,,,,+,,,,,
**,,,,,,**,,,**,,,,
######+###,,,**,,,,
#........#,,,****+*
#........#,,,**,,,*
#........#,,,,,,,,,
#.@K.....#,,,,,,,,,
#.Z......#,,,,,,,,,
##....####,****,***
*#..(.#***,****,***
*.......,,,,,,,,*,,
*........,,,,,,,*,,
*.........,,,,,,*,<
##....###.,*,,*,**,
**,,,,*************


You could see Sonja (ally target) and a friendly two-headed ogre zombie.

Vanquished Creatures
  Fannar (D:10)
  3 two-headed ogres
  Erica (D:9)
  Pikel (D:7)
  Maurice (D:10)
  A gargoyle (Bailey)
  An unseen horror (D:10)
  A hornet (D:10)
  A vampire (Bailey)
  A wraith (D:9)
  2 steam dragons
  Duvessa (D:7)
  Edmund (D:6)
  An acid dragon (D:9)
  3 water moccasins
  4 orc warriors
  An ogre (D:6)
  A black bear (D:8)
  6 centaurs
  10 kobold brigands
  A necrophage (D:5)
  A gnoll sergeant (D:10)
  4 scorpions
  4 wights (D:6)
  Dowan (D:7)
  7 vampire bats (Bailey)
  7 wolf zombies (Bailey)
  2 gnoll boudas
  3 hounds
  Crazy Yiuf (D:7)
  3 orc priests
  A jelly (D:5)
  9 orc wizards
  4 iguanas
  15 gnolls
  16 adders
  A river rat (D:4)
  A shadow imp (D:7)
  5 white imps
  5 worms (Sewer)
  5 dart slugs
  31 orcs
  8 endoplasms
  7 giant cockroaches
  10 hobgoblins
  12 jackals
  31 kobolds
  4 quokkas
  4 ball pythons
  7 bats
  9 goblins
  21 orc zombies (Bailey)
  10 rats
292 creatures vanquished.

Vanquished Creatures (collateral kills)
  A bullfrog (D:8)
  An orc priest (D:6)
  2 gnolls
  An orc (D:8)
  5 kobolds
10 creatures vanquished.

Vanquished Creatures (others)
  2 centaur zombies
  4 kobold zombies
  2 scorpion zombies (D:6)
  An iguana zombie (D:6)
  9 orc zombies
  A spectral white imp (D:6)
  A spectral shadow imp (D:7)
  3 gnoll zombies
  A kobold (D:7)
  18 fungi (D:6)
  2 plants (D:3)
44 creatures vanquished.

Grand Total: 346 creatures vanquished

Notes
Turn   | Place    | Note
-------+----------+-------------------------------------------
     0 | D:1      | Bnni the Formicid Fighter began the quest for the Orb.
     0 | D:1      | Reached XP level 1. HP: 18/18 MP: 1/1
   171 | D:1      | Reached XP level 2. HP: 18/24 MP: 2/2
   311 | D:1      | Reached XP level 3. HP: 29/29 MP: 3/3
   977 | D:2      | Found Taoroxkeloho's Distillery.
   992 | D:2      | Reached XP level 4. HP: 35/37 MP: 4/4
  1016 | D:2      | Reached skill level 3 in Polearms
  1016 | D:2      | Reached skill level 5 in Shields
  1087 | D:2      | Found Zokoceck's Book Emporium.
  1191 | D:2      | Found Curon's Antique Armour Shoppe.
  1235 | D:2      | Found Otanlero's Jewellery Boutique.
  1385 | D:2      | Reached XP level 5. HP: 39/42 MP: 5/5
  1456 | D:2      | Found Axzatuj's Armour Boutique.
  1696 | D:3      | Found a shadowy altar of Dithmenos.
  1839 | D:3      | Reached skill level 4 in Polearms
  1916 | D:3      | Reached XP level 6. HP: 37/49 MP: 6/6
  2318 | D:3      | Found a blossoming altar of Fedhas.
  2319 | D:3      | Found an ancient bone altar of Kikubaaqudgha.
  2428 | D:3      | Reached skill level 5 in Polearms
  2677 | D:4      | Reached skill level 5 in Fighting
  2811 | D:4      | Reached XP level 7. HP: 56/56 MP: 7/7
  2825 | D:4      | Found Imilytez's Weapon Shop.
  2881 | D:4      | Found a glowing drain.
  2885 | Sewer    | Entered a sewer
  3188 | Sewer    | Reached skill level 6 in Polearms
  3712 | D:4      | Found an opulent altar of Gozag.
  3712 | D:4      | Found Gozag's Platinum Reserve.
  3969 | D:4      | Reached XP level 8. HP: 64/64 MP: 8/8
  4183 | D:5      | Entered Level 5 of the Dungeon
  4261 | D:5      | Reached skill level 7 in Polearms
  4531 | D:5      | Found a broken altar of Ashenzari.
  4659 | D:5      | Reached skill level 8 in Polearms
  5036 | D:5      | Found a glowing golden altar of the Shining One.
  5280 | D:5      | Found a bloodstained altar of Trog.
  5367 | D:5      | Found a white marble altar of Elyvilon.
  5436 | D:6      | Found a staircase to the Ecumenical Temple.
  5445 | Temple   | Entered the Ecumenical Temple
  5552 | Temple   | Became a worshipper of Yredelemnul the Dark
  5725 | D:6      | Reached skill level 1 in Invocations
  6039 | D:6      | Reached * piety under Yredelemnul
  6096 | D:6      | Reached XP level 9. HP: 68/72 MP: 10/10
  6315 | D:6      | Reached ** piety under Yredelemnul
  6336 | D:6      | Reached skill level 9 in Polearms
  7035 | D:6      | Noticed Edmund
  7048 | D:6      | Killed Edmund
  7701 | D:7      | Reached skill level 10 in Polearms
  7910 | D:7      | Noticed Pikel
  7923 | D:7      | Killed Pikel
  7924 | D:7      | Reached skill level 5 in Invocations
  7924 | D:7      | Reached XP level 10. HP: 60/82 MP: 12/14
  8040 | D:7      | Noticed Duvessa
  8043 | D:7      | Noticed Dowan
  8056 | D:7      | Your ally Pikel died
  8058 | D:7      | Killed Dowan
  8086 | D:7      | Killed Duvessa
  8388 | D:7      | Found a runed translucent door.
  8389 | D:7      | Noticed Crazy Yiuf
  8398 | D:7      | Killed Crazy Yiuf
  8408 | D:7      | Identified the +6 hammer "Ischerr" {vamp, Int+3}
  8547 | D:8      | Noticed a two-headed ogre
  8551 | D:8      | Killed a two-headed ogre
  8552 | D:8      | Reached skill level 11 in Polearms
  9242 | D:8      | Reached *** piety under Yredelemnul
 10084 | D:9      | Noticed a two-headed ogre
 10088 | D:9      | Killed a two-headed ogre
 10264 | D:9      | Reached XP level 11. HP: 78/90 MP: 16/16
 10400 | D:9      | Found a sparkling altar of Nemelex Xobeh.
 10444 | D:9      | Reached skill level 12 in Polearms
 10615 | D:9      | Noticed Erica
 10626 | D:9      | Killed Erica
 10627 | D:9      | Reached skill level 10 in Fighting
 10862 | D:10     | Entered Level 10 of the Dungeon
 10862 | D:10     | Noticed Fannar
 10874 | D:10     | Killed Fannar
 10947 | D:10     | Found a flagged portal.
 10960 | Bailey   | Entered a bailey
 11515 | Bailey   | Identified the +1 chain mail of the Nexus {rElec rF+ rC+}
 11643 | D:10     | Noticed Maurice
 11670 | D:10     | Killed Maurice
 11901 | D:10     | Reached skill level 13 in Polearms
 12187 | D:11     | Noticed Sonja
 12187 | D:11     | Noticed a two-headed ogre
 12192 | D:11     | Killed a two-headed ogre
 12194 | D:11     | HP: 2/92 [Sonja/+2 dagger of distortion (13)]
 12195 | D:11     | Mangled by Sonja

Illustrated notes

Levels and vault maps discovered:
D:1:      arrival_zaba_pyramid, layout_basic
D:2:      layout_loops_cross, serial_shops, nicolae_shop_crystal,
          nicolae_lakefront_shop, shop_fountains, nicolae_shop_statue_plus,
          nicolae_shop_statue_plus, chequers_serial_rivers_small_b
D:3:      layout_basic, grunt_temple_overflow_growth_and_decay,
          grunt_dithmenos_smoke_and_mirrors, serial_glass, glass_columns_b,
          glass_columns_a
D:4:      layout_cave_pods, nicolae_gozag_zags_fifth_avenue, serial_shops, shop,
          gup_sewer_entry_bowl, minivault_4
D:5:      minmay_spotlight, layout_loops_ring, trog_hazing_becter,
          mainiacjoe_overflow_alcove_2, amcnicky_altar_gilded,
          mainiacjoe_overflow_tiny_flanked
D:6:      minmay_bubble_buster, layout_loops_corners, minmay_temple_entry_mist,
          serial_aquarium, aquarium_bridge_square [aquarium_subvault_balcony,
          aquarium_subvault_bridge, aquarium_subvault_balcony,
          aquarium_subvault_balcony], aquarium_bridge_square
          [aquarium_subvault_bridge, aquarium_subvault_window,
          aquarium_subvault_wall, aquarium_subvault_bridge], aquarium_window_1,
          aquarium_window_2, aquarium_window_corner, aquarium_view_2a,
          aquarium_view_2a, aquarium_balcony_3a, minivault_25, uniq_edmund
D:7:      layout_cave_pools, uniq_pikel, uniq_duvessa, uniq_crazy_yiuf_cottage
D:8:      layout_layer_cave
D:9:      layout_loops_ring, nemelex_xobeh_ov_fountains_minmay, st_stairs_13,
          uniq_erica
D:10:     layout_rooms, enter_bailey_4, hangedman_decor_growths, uniq_fannar,
          uniq_maurice
D:11:     layout_gridville, erik_lair_orcish_takeover, special_room
          [special_room_orc], gauntlet_entry_generic, minmay_lizard_king,
          uniq_sonja
Temple:   nicolae_temple_ecumenical_triangle

Skill      XL: |  1  2  3  4  5  6  7  8  9 10 11 |
---------------+----------------------------------+-----
Polearms       | 3 4 5 6 8 10 11 13 | 13.2
Shields        | 5 |  5.0
Fighting       | 4 5 7 8 9 10 | 10.7
Invocations    | 1 5 7 8 |  8.9
Armour         | |  3.2

Action                   |  1- 3 |  4- 6 |  7- 9 | 10-12 || total
-------------------------+-------+-------+-------+-------++-------
Melee: Trident           |    97 |   206 |   270 |       ||   573
       Halberd           |       |       |   200 |   327 ||   527
Throw: Throwing net      |       |       |       |     8 ||     8
       Dart              |       |       |       |     3 ||     3
Invok: Recall Undead Har |       |       |     1 |       ||     1
 Abil: Dig               |       |       |     2 |     1 ||     3
  Use: Scroll            |       |     1 |    11 |     5 ||    17
       Potion            |       |       |     4 |     1 ||     5
 Stab: Distracted        |       |     1 |     1 |     1 ||     3
       Held in net/web   |       |       |       |     4 ||     4
       Invisible         |       |       |       |     1 ||     1
Armor: Scale mail        |    33 |    93 |   147 |    21 ||   294
       Ring mail         |       |       |       |    83 ||    83
       Chain mail        |       |       |       |    27 ||    27
Dodge: Dodged            |    31 |    80 |   143 |   109 ||   363
Block: Buckler           |    16 |    52 |    72 |    51 ||   191

Table legend: (Time is in decaauts)
 A = Elapsed time spent in this place.
 B = Non-inter-level travel time spent in this place.
 C = Inter-level travel time spent in this place.
 D = Time resting spent in this place.
 E = Time spent auto-exploring this place.
 F = Levels seen in this place.
 G = Mean time per level.
                   A        B        C        D        E       F      G
               +--------+--------+--------+--------+--------+-----+--------+
         Total |  12301 |  11970 |    331 |   1220 |   8403 |  14 |  878.6 |
       Dungeon |  10954 |  10623 |    331 |    690 |   8127 |  11 |  995.8 |
        Temple |    112 |    112 |      0 |    100 |      0 |   1 |  112.0 |
         Sewer |    604 |    604 |      0 |    206 |    114 |   1 |  604.0 |
        Bailey |    630 |    630 |      0 |    224 |    162 |   1 |  630.0 |
               +--------+--------+--------+--------+--------+-----+--------+

Top non-repeatable levels by time:
     D:6: 2138 daAuts
     D:8: 1288 daAuts
     D:5: 1222 daAuts
     D:3: 1031 daAuts
     D:9: 1020 daAuts
     D:4: 967 daAuts
     D:1: 934 daAuts
     D:7: 914 daAuts
     D:2: 750 daAuts
    D:10: 679 daAuts
  Bailey: 630 daAuts
   Sewer: 604 daAuts
  Temple: 112 daAuts
    D:11: 7 daAuts
